 Dungeon Crawl Stone Soup version 0.20-a0-4-gd166d5d (webtiles) character file.

172 Jraekied the Vexing (level 5, -5/38 HPs)
             Began as a Merfolk Enchanter on Oct 31, 2016.
             Slain by Grinder (10 damage)
             ... on level 2 of the Dungeon.
             The game lasted 00:14:45 (3653 turns).

Jraekied the Vexing (Merfolk Enchanter)             Turns: 3653, Time: 00:14:46

Health: -5/38      AC:  3    Str:  6 (9)  XL:     5   Next: 53%
Magic:  8/9        EV: 13    Int: 13 (14) God:
Gold:   101        SH:  0    Dex: 14 (15) Spells: 3 memorised, 3 levels left

rFire  . . .     SeeInvis .     a - +1 dagger
rCold  . . .     Gourm    .     b - +1 robe
rNeg   . . .     Faith    .     (no shield)
rPois  .         Spirit   .     (no helmet)
rElec  .         Reflect  .     (no cloak)
rCorr  .         Harm     .     (no gloves)
MR     .....                    (no boots)
Stlth  ++........               (no amulet)
                                (no ring)
                                (no ring)

@: flying, very slightly contaminated, invisible
A: change form in water, swift swim, stealthy swim
a: no special abilities


You were on level 2 of the Dungeon.
You were not hungry.

You visited 1 branch of the dungeon, and saw 4 of its levels.

You collected 101 gold pieces.

Inventory:

Hand Weapons
 a - a +1 dagger (weapon)
Missiles
 g - 17 sling bullets
 h - 18 poisoned needles
 n - 12 stones (quivered)
Armour
 b - a +1 robe (worn)
 u - a +1 animal skin
 v - a +0 helmet
Jewellery
 p - an uncursed ring of flight {unknown}
 t - an uncursed ring of resist corrosion {unknown}
Scrolls
 e - a scroll of immolation {unknown}
 f - a scroll of noise {unknown}
 l - 3 scrolls of identify
 m - 4 scrolls of teleportation {unknown}
 r - a scroll of random uselessness {unknown}
Potions
 i - a potion of curing
 s - a potion of cancellation {unknown}
Books
 c - a book of Maledictions

   Spells                             Type                      Level
   a - Corona                         Hexes                        1
   b - Ensorcelled Hibernation        Hexes/Ice                    2
   c - Confuse                        Hexes                        3
   d - Tukima's Dance                 Hexes                        3
   e - Dazzling Spray                 Conjuration/Hexes            3
Comestibles
 d - 3 bread rations
 o - a meat ration


   Skills:
 + Level 1.9 Fighting
 - Level 1.3 Short Blades
 - Level 2.6 Dodging
 - Level 3.2 Stealth
 - Level 2.8 Spellcasting
 * Level 4.9 Hexes
 + Level 1.2 Ice Magic


You had 3 spell levels left.
You knew the following spells:

 Your Spells              Type           Power        Failure   Level  Hunger
a - Corona                Hex            ##.....      3%          1    #......
b - Tukima's Dance        Hex            ##......     12%         3    ###....
c - Ensorcelled Hibernat  Hex/Ice        #.....       12%         2    ###....


Dungeon Overview and Level Annotations

Branches:
Dungeon (4/15)
 Temple: D:4-7

Altars:

Annotations:
D:2 Grinder
D:3 Softman25's ghost, amateur MfGl
D:4 BigBall's ghost, novice GrEE


Message History

There is an escape hatch in the ceiling here.
Grinder hits you.
* * * LOW HITPOINT WARNING * * *
You writhe in agony.
* * * LOW HITPOINT WARNING * * *
A mysterious force pulls you upwards. The hatch slams shut behind you.
You hit Grinder.
Grinder is lightly wounded.
Grinder gestures at you.
You shrug off the repeated paralysis!
It was a potion of flight.
You feel very buoyant.
You fly up into the air.
Grinder gestures at you.
You barely resist.
It was a potion of degeneration.
There was something very wrong with that liquid.
You feel weakened.
You feel dopey.
You feel clumsy. Grinder hits you!
You die...

#.# #.# #..# #.# #.#
#..# #.# #.# #..#
#.# ####.#### #..#
##.# #.......#
#..###### ...#
#.......# #........
####
#.......#####.#####.
#.........# #.# #.
#..@....#.# #.# ##
#.5.....#.# #.# #
#.......#.# #.# #
#########.# #.######
#.# #.##.... #.#
#.##.### #.# #.##.#
#.# #.##.# #.#
#.##.#


You could see Grinder.

Vanquished Creatures
  Jessica (D:2)
  Natasha (twice) (D:3)
  2 adders (D:2)
  An ooze (D:2)
  A worm (D:2)
  2 dart slugs
  A leopard gecko (D:1)
  4 giant cockroaches
  10 goblins
  10 hobgoblins
  3 quokkas
  9 bats
  3 frilled lizards
  6 kobolds
  7 rats
62 creatures vanquished.

Vanquished Creatures (collateral kills)
  Robin (D:4)
1 creature vanquished.

Vanquished Creatures (others)
  A dancing weapon (D:3)
1 creature vanquished.

Grand Total: 64 creatures vanquished

Notes
Turn   | Place    | Note
-------+----------+-------------------------------------------
     0 | D:1      | Jraekied the Merfolk Enchanter began the quest for the Orb.
     0 | D:1      | Reached XP level 1. HP: 13/13 MP: 3/3
   223 | D:1      | Reached XP level 2. HP: 20/20 MP: 5/5
  1215 | D:1      | Reached skill level 1 in Fighting
  1254 | D:2      | Reached XP level 3. HP: 10/26 MP: 4/6
  1269 | D:2      | Learned a level 3 spell: Tukima's Dance
  1928 | D:2      | Learned a level 2 spell: Ensorcelled Hibernation
  1984 | D:2      | Reached skill level 4 in Hexes
  2274 | D:2      | Reached XP level 4. HP: 12/32 MP: 5/7
  2304 | D:2      | Noticed Jessica
  2307 | D:2      | Killed Jessica
  3330 | D:3      | Noticed Natasha
  3334 | D:3      | Killed Natasha
  3334 | D:3      | Reached XP level 5. HP: 37/37 MP: 9/9
  3345 | D:3      | Noticed Softman25's ghost (amateur MfGl)
  3452 | D:3      | Noticed Natasha
  3461 | D:3      | Killed Natasha
  3461 | D:3      | Reached skill level 1 in Ice Magic
  3582 | D:3      | Noticed Grinder
  3614 | D:4      | Noticed Robin
  3631 | D:4      | Killed Robin
  3633 | D:4      | Noticed BigBall's ghost (novice GrEE)
  3642 | D:3      | Paralysed by Grinder for 7 turns
  3653 | D:2      | Slain by Grinder

Vault maps used:
D:1:      sevenhm_arrival_forest_fort_small_4, hangedman_decor_clover_reticule
D:2:      uniq_jessica
D:3:      uniq_natasha, uniq_robin, uniq_grinder
D:4:      ashenzari_conservatory_becter, serial_shops, nicolae_shop_statue_plus,
          uniq_menkaure

Skill      XL: |  1  2  3  4  5 |
---------------+----------------+-----
Fighting       | 1 |  1.9
Hexes          | 4 |  4.9
Ice Magic      | 1 |  1.2
Short Blades   | |  1.3
Dodging        | |  2.6
Stealth        | |  3.2
Spellcasting   | |  2.8

Action                   |  1- 3 |  4- 6 || total
-------------------------+-------+-------++-------
Melee: Dagger            |   131 |    84 ||   215
Throw: Stone             |     7 |       ||     7
 Cast: Corona            |    19 |     5 ||    24
       Tukima's Dance    |       |     7 ||     7
       Ensorcelled Hiber |       |     4 ||     4
  Use: Potion            |     1 |     3 ||     4
       Scroll            |       |     1 ||     1
 Stab: Sleeping          |     6 |     9 ||    15
  Eat: Chunk             |     4 |     6 ||    10
Armor: Robe              |    31 |     8 ||    39
Dodge: Dodged            |    92 |    43 ||   135
